 Dungeon Crawl Stone Soup version 0.30-a0-715-gdb4ae3ece1 (webtiles) character file.

Game seed: 1258052334854386011

56 ASSMAN the Insei (level 3, -9/29 HPs)
             Began as a Demonspawn Monk on Jan 25, 2023.
             Was a Priest of Sif Muna.
             Killed by divine providence
             ... invoked by an orc priest
              (13 damage)
             ... on level 3 of the Dungeon.
             The game lasted 00:02:27 (1461 turns).

ASSMAN the Insei (Demonspawn Monk)                  Turns: 1461, Time: 00:02:27

Health: -9/29      AC:  2    Str: 11    XL:     3   Next: 71%
Magic:  3/3        EV: 12    Int: 19    God:    Sif Muna [***...]
Gold:   36         SH:  0    Dex: 15    Spells: 2/2 levels left

rFire   x . .      SeeInvis .      - Unarmed
rCold   + . .      Faith    .    (no shield)
rNeg    . . .      Spirit   .    a - +0 robe
rPois   .          Reflect  .    (no helmet)
rElec   .          Harm     .    (no cloak)
rCorr   .          Rampage  .    (no gloves)
Will    .....                    (no boots)
Stlth   ++                       (no amulet)
HPRegen 0.24/turn                h - +6 ring of intelligence
MPRegen 0.08/turn                i - ring of ice

@: no status effects
A: powered by death 1
a: Renounce Religion, Channel Magic, Forget Spell


You were on level 3 of the Dungeon.
You worshipped Sif Muna.
Sif Muna was most pleased with you.
You visited 1 branch of the dungeon, and saw 3 of its levels.

You collected 36 gold pieces.

Inventory:

Hand Weapons
 k - a +2 dagger of venom
Armour
 a - a +0 robe (worn)
Jewellery
 h - a +6 ring of intelligence (left hand)
 i - a ring of ice (right hand)
 l - a +5 ring of evasion
Scrolls
 c - a scroll of fear {unknown}
 d - 2 scrolls of enchant weapon {unknown}
 f - a scroll of teleportation {unknown}
 j - 2 scrolls of poison {unknown}
 m - a scroll of torment {unknown}
 n - a scroll of noise {unknown}
 o - a scroll of identify {unknown}
 p - a scroll of immolation {unknown}
Potions
 b - a potion of ambrosia
 e - a potion of curing {unknown}
 g - 2 potions of flight {unknown}


   Skills:
 - Level 3.0 Fighting
 - Level 2.6 Dodging
 - Level 1.7 Stealth
 + Level 4.3 Unarmed Combat


You had 2 spell levels left.
You didn't know any spells.
Your spell library was empty.

Dungeon Overview and Level Annotations

Branches:
Dungeon (3/15)

Altars:
Sif Muna

Annotations:
D:3 Sigmund


Innate Abilities, Weirdness & Mutations

You regenerate a little health from kills.


Message History

The giant cockroach barely misses you.
The orc wizard shouts!
You hit the giant cockroach.
You kill the giant cockroach!
Sif Muna accepts your kill.
You miss the kobold.
An orc priest comes into view. It is wielding a +0 war axe.
The kobold hits you with a +0 dagger.
The orc priest shouts!
You hit the kobold.
You kill the kobold!
Sif Muna accepts your kill.
Sigmund the Dreaded comes into view.
He is wielding a +0 scythe.
Things that are here:
a +0 dagger; a stone; a kobold corpse Sigmund shouts!
You hear a shout!
You hit the orc wizard.
The orc wizard is lightly wounded.
The orc wizard hits you with a +0 dagger.
An orc wizard comes into view. It is wielding a +0 dagger.
You closely miss the orc wizard.
The orc wizard is lightly wounded.
The orc wizard hits you but does no damage.
The orc priest invokes the aid of Beogh against you.
Beogh smites you!
An orc comes into view. It is wielding a +0 flail.
You are too injured to fight recklessly!
You are too injured to fight recklessly!
You are too injured to fight recklessly!
You are too injured to fight recklessly!
You are too injured to fight recklessly!
You are too injured to fight recklessly!
You are too injured to fight recklessly!
You are too injured to fight recklessly!
The orc priest attacks as you move away!
The orc priest hits you with a +0 war axe!
* * * LOW HITPOINT WARNING * * *
The orc priest calls down the wrath of Beogh upon you.
Beogh smites you!
You die...

#...<...#.#
.#
#.......#.#
.#
#########.#
.#
##.#####.#
#........#
#........#
#........###
#..........#
##.#.@.....#
#.#.......#
#.#..oo...#
#.#...@...#
#.......#
#####o### ..
.## .o


You could see Sigmund, an orc priest and 2 orc wizards.

Vanquished Creatures
  An adder (D:2)
  4 bats
  4 endoplasms
  3 giant cockroaches
  6 hobgoblins
  4 jackals (D:1)
  A quokka (D:2)
  2 ball pythons
  6 frilled lizards
  4 goblins (D:1)
  6 kobolds
  2 rats
43 creatures vanquished.

Notes
Turn   | Place    | Note
-------+----------+-------------------------------------------
     0 | D:1      | ASSMAN the Demonspawn Monk began the quest for the Orb.
     0 | D:1      | Reached XP level 1. HP: 18/18 MP: 1/1
    61 | D:1      | Reached skill level 3 in Unarmed Combat
   162 | D:1      | Gained mutation: You regenerate a little health from kills.
                  | [demonic ancestry]
   162 | D:1      | Reached XP level 2. HP: 24/24 MP: 2/2
   672 | D:1      | Found a faded altar of an unknown god.
   798 | D:1      | Prayed at the altar of an unknown god.
   798 | D:1      | Became a worshipper of Sif Muna the Loreminder
   798 | D:1      | Reached * piety under Sif Muna
   798 | D:1      | Reached ** piety under Sif Muna
   830 | D:2      | Reached XP level 3. HP: 29/29 MP: 3/3
   868 | D:2      | Reached *** piety under Sif Muna
   998 | D:2      | Reached skill level 4 in Unarmed Combat
  1457 | D:3      | Noticed Sigmund
  1461 | D:3      | Killed from afar by an orc priest

Illustrated notes

Levels and vault maps discovered:
D:1:      kennysheep_arrival_forest, layout_loops_ring,
          shapermc_ecumenical_altar_acropolis
D:2:      layout_basic, minivault_25
D:3:      layout_basic, serial_glass, glass_columns_b, glass_columns_a,
          uniq_sigmund

Skill      XL: |  1  2  3 |
---------------+----------+-----
Unarmed Combat | 3 4 |  4.3
Fighting       | |  3.0
Dodging        | |  2.6
Stealth        | |  1.7

Action                     || total
---------------------------++-------
  Melee: Unarmed           ||   163
         Punch             ||     5
   Stab: Sleeping          ||    12
 Armour: Robe              ||    22
  Dodge: Dodged            ||    91

Table legend: (Time is in decaauts)
 A = Elapsed time spent in this place.
 B = Non-inter-level travel time spent in this place.
 C = Inter-level travel time spent in this place.
 D = Time resting spent in this place.
 E = Time spent auto-exploring this place.
 F = Levels seen in this place.
 G = Mean time per level.
                   A        B        C        D        E       F      G
               +--------+--------+--------+--------+--------+-----+--------+
         Total |   1448 |   1393 |     55 |      0 |   1059 |   3 |  482.7 |
       Dungeon |   1448 |   1393 |     55 |      0 |   1059 |   3 |  482.7 |
               +--------+--------+--------+--------+--------+-----+--------+

Top non-repeatable levels by time:
     D:1: 806 daAuts
     D:2: 580 daAuts
     D:3: 61 daAuts
